[Event "Team 45 45 League T96"]
[Site "Internet Chess Club"]
[Date "2023.06.19"]
[Round "6"]
[White "Portola"]
[Black "Alec-hine"]
[Result "1/2-1/2"]
[WhiteElo "1746"]
[BlackElo "1920"]
[Opening "Queen's pawn game"]
[ECO "D02"]
[Time "15:00:25"]
[PlyCount "94"]
[TimeControl "2700+45"]

1. d4 d5 2. Nf3 e6 3. c3 Nf6 4. Bg5 Nbd7 5. Nbd2 h6 6. Bh4 c5 7. e3 Bd6 8. Bd3
Qc7 9. O-O O-O 10. Qe2 Re8 11. Rfe1 g5 12. Bg3 Bxg3 13. hxg3 e5 14. dxe5 Nxe5
15. Nxe5 Qxe5 16. Qf1 Bf5 17. Bxf5 Qxf5 18. Qb5 b6 19. Rad1 Rad8 20. Qa4 Re7 21.
Nf3 Ne4 22. Rf1 Red7 23. Qb5 Kg7 24. a4 Qe6 25. Qb3 a6 26. Qc2 b5 27. axb5 axb5
28. Qb3 Rb8 29. Qa2 b4 30. cxb4 Rxb4 31. Rc1 Rdb7 32. Rc2 c4 33. Nd4 Qb6 34. Qa8
Nd6 35. Ra1 Kh7 36. Ra6 Qc7 37. Rc6 Qe7 38. Qa6 Ra7 39. Rxd6 Rxa6 40. Rxa6 Qb7
41. Ra2 h5 42. Nf3 f6 43. Nd4 Kg6 44. Kh2 Qc7 45. Kg1 Qb7 46. Kh2 Qc7 47. Kg1
Qb7 {Game drawn by repetition} 1/2-1/2

[Event "Team 45 45 League T96"]
[Site "Internet Chess Club"]
[Date "2023.06.16"]
[Round "6"]
[White "Kingofknights"]
[Black "mnpaulson"]
[Result "0-1"]
[WhiteElo "1512"]
[BlackElo "1510"]
[Opening "QGD: Charousek (Petrosian) variation"]
[ECO "D31"]
[Time "11:31:06"]
[PlyCount "58"]
[TimeControl "2700+45"]

1. d4 d5 2. c4 e6 3. Nc3 Be7 4. Nf3 Nf6 5. Bg5 h6 6. Bxf6 Bxf6 7. b4 a6 8. e3
O-O 9. Be2 Re8 10. cxd5 exd5 11. Qb3 c6 12. Rc1 Be6 13. O-O Nd7 14. Na4 Be7 15.
Rfd1 Rb8 16. a3 Bf5 17. Nc5 Qc8 18. a4 Bd6 19. b5 axb5 20. axb5 Nxc5 21. dxc5
Be7 22. b6 Bf6 23. Nd4 Bg6 24. Bd3 Bh5 25. Rd2 Ra8 26. Bb5 Bxd4 27. Rxd4 cxb5
28. Rxd5 Be2 29. Qc3 Bc4 {White resigns} 0-1

[Event "Team 45 45 League T96"]
[Site "Internet Chess Club"]
[Date "2023.06.16"]
[Round "6"]
[White "Packerfan"]
[Black "Goli"]
[Result "0-1"]
[WhiteElo "1653"]
[BlackElo "1799"]
[Opening "English opening"]
[ECO "A16"]
[Time "15:00:25"]
[PlyCount "108"]
[TimeControl "2700+45"]

1. c4 Nf6 2. Nc3 g6 3. g3 Bg7 4. Bg2 c6 5. d4 O-O 6. e4 d6 7. Nge2 e5 8. O-O
Nbd7 9. h3 a5 10. b3 exd4 11. Nxd4 Nc5 12. Bb2 Qc7 13. Rb1 Be6 14. Nxe6 fxe6 15.
Qd2 Rad8 16. Rbd1 e5 17. Rfe1 Ne6 18. Ne2 Nh5 19. h4 Qf7 20. Rf1 b6 21. Qe3 c5
22. Nc3 Nc7 23. Nd5 Nxd5 24. Rxd5 Nf6 25. Rd3 h5 26. f3 Kh7 27. Bc1 Ng8 28. Rfd1
Bh6 29. Qe2 Bxc1 30. Rxc1 Ne7 31. Rcd1 Qe6 32. Kh2 Nc6 33. Bh3 Qe7 34. Qb2 Nd4
35. Kg2 Rf6 36. Rf1 Rdf8 37. Qd2 R8f7 38. Qd1 Qf8 39. Rf2 Qh6 40. Rf1 Kh8 41.
Kg1 g5 42. hxg5 Qxg5 43. Kh2 h4 44. Bg4 Qxg4 45. fxg4 Rxf1 46. gxh4 Rxd1 47.
Rxd1 Rf4 48. Kh3 Rxe4 49. Rf1 Rf4 50. Rd1 Kg7 51. Rd2 e4 52. Kg3 Rf3+ 53. Kg2
Rc3 54. Kf2 e3+ {White resigns} 0-1

[Event "Team 45 45 League T96"]
[Site "Internet Chess Club"]
[Date "2023.06.13"]
[Round "6"]
[White "fhunfi"]
[Black "justice02"]
[Result "1-0"]
[WhiteElo "1719"]
[BlackElo "1694"]
[Opening "French: Rubinstein variation"]
[ECO "C10"]
[Time "21:30:41"]
[PlyCount "55"]
[TimeControl "2700+45"]

1. e4 e6 2. d4 d5 3. Nc3 dxe4 4. Nxe4 Nd7 5. Bd3 Be7 6. Qe2 a6 7. Nf3 h6 8. Bd2
b5 9. c3 Bb7 10. a4 c6 11. O-O Ngf6 12. Rfe1 O-O 13. Ng3 Re8 14. Bf4 Nd5 15. Bd2
Qc7 16. Ne5 Nxe5 17. dxe5 Bc5 18. Nh5 Qe7 19. Nxg7 Kxg7 20. Qg4+ Kh8 21. Qh3 f5
22. exf6 Qxf6 23. Bxh6 Bxf2+ 24. Kh1 Bh4 25. Re4 Kg8 26. Rxh4 Qd8 27. Qg4+ Kf7
28. Qg7# {Black checkmated} 1-0

[Event "Team 45 45 League T96"]
[Site "Internet Chess Club"]
[Date "2023.06.20"]
[Round "6"]
[White "ivanson"]
[Black "Zugzwanged"]
[Result "1/2-1/2"]
[WhiteElo "1599"]
[BlackElo "1628"]
[Opening "French: Tarrasch, Guimard main line"]
[ECO "C04"]
[Time "14:04:33"]
[PlyCount "162"]
[TimeControl "2700+45"]

1. e4 e6 2. d4 d5 3. Nd2 Nc6 4. Ngf3 Nf6 5. e5 Nd7 6. c3 f6 7. Bb5 fxe5 8. dxe5
Be7 9. O-O O-O 10. Re1 Qe8 11. Nf1 a6 12. Ba4 Nc5 13. Bc2 a5 14. Ng3 b6 15. Nd4
Bb7 16. f4 Bh4 17. Qg4 Bxg3 18. Qxg3 Qf7 19. Qh3 g6 20. Bd2 Nxd4 21. cxd4 Nd7
22. Rac1 c5 23. Ba4 Rac8 24. Qe3 cxd4 25. Qxd4 Nc5 26. Bc2 Nd7 27. Ba4 Nc5 28.
Bc2 Rc7 29. Rf1 Ba6 30. Rfe1 Rfc8 31. Bb1 Qd7 32. b4 axb4 33. Qxb4 Qb5 34. Qxb5
Bxb5 35. Be3 Bc4 36. Rc3 Na4 37. Rc2 Nc5 38. Rec1 Bd3 39. Rxc5 bxc5 40. Bxd3 c4
41. Be2 Rd7 42. Bg4 Kf7 43. Bd4 Ra8 44. Rc2 Rb7 45. Bc5 Rb5 46. Bd6 Rc8 47. Be2
Ra8 48. Kf2 Rba5 49. a3 Rb5 50. Bb4 Rc8 51. Rc3 Rb6 52. Rh3 Kg7 53. Rg3 d4 54.
Ke1 d3 55. Bxd3 cxd3 56. Rxd3 Rc2 57. Rd7+ Kh6 58. Bd2 Ra2 59. f5+ Rxd2 60. Rxd2
gxf5 61. Ra2 Kg5 62. g3 Rb5 63. Re2 Rb3 64. Ra2 Re3+ 65. Kf2 Rxe5 66. a4 Ra5 67.
Kf3 e5 68. h3 e4+ 69. Ke3 h5 70. h4+ Kg4 71. Kf2 f4 72. gxf4 Kxf4 73. Ra3 e3+
74. Ke2 Kg4 75. Kxe3 Kxh4 76. Kf2 Kg4 77. Kg2 h4 78. Kh2 Rc5 79. Ra2 Ra5 80. Ra3
Rc5 81. Ra2 Ra5 {Game drawn by mutual agreement} 1/2-1/2

[Event "Team 45 45 League T96"]
[Site "Internet Chess Club"]
[Date "2023.06.18"]
[Round "6"]
[White "ChessMaine"]
[Black "RD1974"]
[Result "1-0"]
[WhiteElo "1522"]
[BlackElo "1613"]
[Opening "Queen's pawn"]
[ECO "A40"]
[Time "19:07:48"]
[PlyCount "163"]
[TimeControl "2700+45"]

1. d4 e6 2. e3 f5 3. c4 Nf6 4. Nc3 Be7 5. Bd3 O-O 6. e4 d6 7. exf5 exf5 8. Nf3
Nc6 9. O-O Nb4 10. Bb1 Qd7 11. a3 Nc6 12. Re1 b6 13. Ng5 Nd8 14. d5 g6 15. Nb5
c5 16. Bf4 a6 17. Rxe7 Qxe7 18. Bxd6 Qd7 19. Bxf8 Kxf8 20. Nc3 h6 21. Nf3 Nf7
22. Bc2 Qd6 23. Qe2 Bd7 24. Re1 Re8 25. Qd2 Kg7 26. Rxe8 Bxe8 27. Qe3 Bd7 28. h3
Ne8 29. Ne2 g5 30. Qc3+ Nf6 31. Ng3 Kg6 32. Qd3 Ne5 33. Nxe5+ Qxe5 34. b3 Qe1+
35. Qf1 Qc3 36. Qd3 Qe1+ 37. Qf1 Qe5 38. Qd3 h5 39. Qe2 Qd4 40. Qd3 Qf4 41. Kf1
h4 42. Ne2 Qe5 43. Qc3 Qd6 44. Ng1 Qf4 45. Nf3 Qc1+ 46. Ke2 Kg7 47. Ne5 Bc8 48.
b4 Qf4 49. Nd3 Qe4+ 50. Kf1 Qd4 51. Qxd4 cxd4 52. Ne5 Ne4 53. Nf3 Nd6 54. Bd3
Kf6 55. Nxd4 Ke5 56. Ne2 f4 57. Ke1 g4 58. hxg4 Bxg4 59. f3 Bc8 60. Kd2 Ne8 61.
Ng1 Nf6 62. Nh3 Bxh3 63. gxh3 Nh5 64. Kc3 Ng3 65. Be4 Kd6 66. Kd3 Nh1 67. Ke2
Ng3+ 68. Kf2 Nh5 69. a4 Nf6 70. Ke2 Nd7 71. Kd3 Ne5+ 72. Kd4 Nd7 73. Bf5 Ne5 74.
Be4 Nf7 75. Bf5 Ng5 76. Bg4 Nf7 77. c5+ bxc5+ 78. bxc5+ Kc7 79. Ke4 Nh8 80. Kxf4
Ng6+ 81. Kg5 Ne7 82. d6+ {Black resigns} 1-0

[Event "Team 45 45 League T96"]
[Site "Internet Chess Club"]
[Date "2023.06.15"]
[Round "6"]
[White "room-matt"]
[Black "Alec-hine"]
[Result "1/2-1/2"]
[WhiteElo "1804"]
[BlackElo "1928"]
[Opening "French: Winawer, advance, Bogolyubov variation"]
[ECO "C17"]
[Time "14:31:20"]
[PlyCount "36"]
[TimeControl "2700+45"]

1. e4 e6 2. d4 d5 3. Nc3 Bb4 4. e5 c5 5. Bd2 Ne7 6. f4 O-O 7. Nf3 cxd4 8. Nb5
Bxd2+ 9. Qxd2 Nbc6 10. Bd3 f6 11. exf6 Rxf6 12. O-O-O Qb6 13. Rhe1 Bd7 14. Nbxd4
Nxd4 15. Nxd4 Nc6 16. Nf3 Qb4 17. g3 Qxd2+ 18. Rxd2 h6 {Game drawn by mutual
agreement} 1/2-1/2

[Event "Team 45 45 League T96"]
[Site "Internet Chess Club"]
[Date "2023.06.18"]
[Round "6"]
[White "MichaelIC"]
[Black "Beetlejuice"]
[Result "1-0"]
[WhiteElo "2059"]
[BlackElo "1703"]
[Opening "Dutch, 2.Bg5 variation"]
[ECO "A80"]
[Time "14:07:57"]
[PlyCount "67"]
[TimeControl "2700+45"]

1. d4 f5 2. Bg5 h6 3. Bh4 g5 4. e4 Bg7 5. Bg3 d6 6. exf5 Nc6 7. c3 Bxf5 8. Bd3
Qd7 9. Qh5+ Kd8 10. Qe2 e5 11. d5 Nce7 12. Bxf5 Qxf5 13. c4 Nf6 14. Nc3 Ng6 15.
Nf3 Nf4 16. Bxf4 exf4 17. Nd4 Qg6 18. Ne6+ Kd7 19. O-O Rhe8 20. Rfd1 a6 21. Rac1
c5 22. a3 Nh7 23. Ne4 b6 24. b4 Nf8 25. bxc5 Nxe6 26. dxe6+ Rxe6 27. Rxd6+ Rxd6
28. cxd6 Re8 29. f3 g4 30. Qd3 Re6 31. c5 gxf3 32. c6+ Ke8 33. d7+ Kf7 34. Qxf3
{Black resigns} 1-0

[Event "Team 45 45 League T96"]
[Site "Internet Chess Club"]
[Date "2023.06.17"]
[Round "6"]
[White "bobhill"]
[Black "JACampbell"]
[Result "1-0"]
[WhiteElo "1873"]
[BlackElo "1658"]
[Opening "King's Indian: Torre attack"]
[ECO "A48"]
[Time "09:00:54"]
[PlyCount "77"]
[TimeControl "2700+45"]

1. d4 Nf6 2. Nf3 g6 3. Bg5 Bg7 4. Nbd2 d5 5. e3 O-O 6. Ne5 c5 7. c3 cxd4 8. exd4
Nc6 9. Nxc6 bxc6 10. Bd3 Qb6 11. Qc2 Ba6 12. O-O Bxd3 13. Qxd3 Qxb2 14. a4 Qb6
15. Bh4 e6 16. Rfb1 Qc7 17. Bg3 Qd7 18. Rb4 Nh5 19. Rab1 Nxg3 20. Qxg3 c5 21.
dxc5 Qc6 22. Rb5 Rfc8 23. Nb3 a6 24. Rb4 Bf8 25. Qf4 Bd6 26. cxd6 Rd8 27. Na5
Qxd6 28. Qxd6 Rxd6 29. Rb8+ Rxb8 30. Rxb8+ Kg7 31. f3 d4 32. c4 d3 33. Rb1 Kf6
34. Kf2 Ke5 35. Ke3 f5 36. f4+ Kf6 37. Rd1 g5 38. g3 gxf4+ 39. gxf4 {Black
forfeits on time} 1-0

[Event "Team 45 45 League T96"]
[Site "Internet Chess Club"]
[Date "2023.06.18"]
[Round "6"]
[White "DaveTheRook"]
[Black "discipulo"]
[Result "1-0"]
[WhiteElo "1435"]
[BlackElo "1697"]
[Opening "Réti opening"]
[ECO "A05"]
[Time "13:01:42"]
[PlyCount "131"]
[TimeControl "2700+45"]

1. Nf3 Nf6 2. g3 d5 3. Bg2 c5 4. d3 Nc6 5. O-O e5 6. Nbd2 Be7 7. c3 O-O 8. Re1
Qc7 9. e4 d4 10. c4 a6 11. a3 b5 12. b3 Bd7 13. Qc2 Rfc8 14. Bb2 Rcb8 15. Reb1
Ne8 16. Bc1 Ra7 17. h3 Nd6 18. Kh2 Qc8 19. Bb2 Be6 20. Bc1 f6 21. Ng1 Rab7 22.
Ngf3 bxc4 23. bxc4 Rb6 24. Rxb6 Rxb6 25. Rb1 Qb7 26. Rxb6 Qxb6 27. Qb3 Bd8 28.
Qxb6 Bxb6 29. Nb3 a5 30. Nbd2 h6 31. Bf1 Bd7 32. Bg2 g5 33. Bf1 Kf7 34. Ng1 a4
35. Be2 Ba5 36. Bd1 Ne7 37. Bh5+ Kf8 38. Kg2 Bc3 39. Bd1 Bc6 40. f3 f5 41. Ne2
Bxd2 42. Bxd2 fxe4 43. fxe4 Nb7 44. Ng1 Kg7 45. Nf3 Kf6 46. Nh2 Bd7 47. Ng4+
Bxg4 48. Bxg4 Nc6 49. Bd7 Nca5 50. Bxa4 Kg6 51. g4 Kf6 52. Kf2 Kg6 53. Ke1 Kf6
54. Kd1 Ke7 55. Kc2 Kd6 56. Bb5 Kc7 57. Be1 Kd6 58. h4 Ke6 59. hxg5 hxg5 60. Bd2
Kf6 61. Ba6 Kg6 62. a4 Kf6 63. Kb2 Kg6 64. Ka3 Kf6 65. Bxb7 Nxb7 66. a5 {Black
resigns} 1-0

[Event "Team 45 45 League T96"]
[Site "Internet Chess Club"]
[Date "2023.06.18"]
[Round "6"]
[White "janh"]
[Black "fileman"]
[Result "0-1"]
[WhiteElo "1935"]
[BlackElo "1790"]
[Opening "KP: Nimzovich defense"]
[ECO "B00"]
[Time "10:19:42"]
[PlyCount "70"]
[TimeControl "2700+45"]

1. e4 Nc6 2. c4 e5 3. Nc3 Bc5 4. g3 a5 5. Bg2 Nge7 6. Nge2 O-O 7. O-O d6 8. h3
Nd4 9. Kh2 c6 10. d3 h6 11. f4 f5 12. Nxd4 Bxd4 13. Ne2 Bb6 14. d4 fxe4 15. c5
dxc5 16. dxe5 Qxd1 17. Rxd1 Bf5 18. Nc3 Rad8 19. Re1 Nd5 20. Nxe4 Nb4 21. Re2
Rd1 22. Nf2 Rdd8 23. Be3 Nc2 24. Rxc2 Bxc2 25. Rc1 Bd3 26. Rc3 Bb5 27. Ne4 Rd3
28. Rxd3 Bxd3 29. Nd6 Ba6 30. Be4 Rd8 31. Bf5 Bc7 32. Be6+ Kh7 33. Bxc5 b6 34.
Ba3 c5 35. Nc4 b5 {White resigns} 0-1

[Event "Team 45 45 League T96"]
[Site "Internet Chess Club"]
[Date "2023.06.19"]
[Round "6"]
[White "julesraider"]
[Black "Egmont"]
[Result "1/2-1/2"]
[WhiteElo "1601"]
[BlackElo "1625"]
[Opening "QGD Slav: Dutch variation"]
[ECO "D18"]
[Time "12:00:16"]
[PlyCount "106"]
[TimeControl "2700+45"]

1. d4 d5 2. c4 c6 3. Nc3 Nf6 4. Nf3 dxc4 5. a4 Bf5 6. e3 e6 7. Bxc4 Bb4 8. O-O
O-O 9. Qb3 Qe7 10. a5 Nd5 11. e4 Bxc3 12. exf5 Bb4 13. fxe6 fxe6 14. Bg5 Qd6 15.
Bh4 Nd7 16. Bg3 Qe7 17. Bh4 Qd6 18. Ne5 Bd2 19. Nxd7 Qxd7 20. Bg3 Kh8 21. Be5
Bf4 22. Rfe1 Bxe5 23. Rxe5 Qf7 24. Rf1 Rad8 25. Qa3 Rde8 26. Qg3 Qc7 27. Bxd5
cxd5 28. b4 Qc4 29. Qg4 Qxb4 30. Rg5 Rf7 31. Ra1 Qb2 32. Rf1 Qd2 33. Qh5 Ref8
34. Rg4 Rxf2 35. Rb1 Qxa5 36. Rh4 h6 37. Qe5 Qa2 38. Rxh6+ Kg8 39. Qxe6+ R2f7
40. Rf1 gxh6 41. Qg6+ Rg7 42. Rxf8+ Kxf8 43. Qf6+ Kg8 44. Qe6+ Rf7 45. Qg6+ Kf8
46. Qxh6+ Ke7 47. Qg5+ Rf6 48. Qe5+ Re6 49. Qc7+ Kf6 50. Qf4+ Ke7 51. Qc7+ Kf8
52. Qc8+ Kf7 53. Qc7+ Kf6 {Game drawn by mutual agreement} 1/2-1/2

[Event "Team 45 45 League T96"]
[Site "Internet Chess Club"]
[Date "2023.06.17"]
[Round "6"]
[White "LoseOften"]
[Black "Sandrotov"]
[Result "1/2-1/2"]
[WhiteElo "1668"]
[BlackElo "1672"]
[Opening "Ruy Lopez: closed, 9.d4"]
[ECO "C91"]
[Time "14:01:41"]
[PlyCount "91"]
[TimeControl "2700+45"]

1. e4 e5 2. Nf3 Nc6 3. Bb5 a6 4. Ba4 b5 5. Bb3 Nf6 6. O-O Be7 7. Re1 O-O 8. c3
d6 9. d4 Re8 10. h3 h6 11. Nbd2 Bf8 12. Nf1 Bd7 13. Ng3 g6 14. Nh4 Kg7 15. f4
exf4 16. Bxf4 Na5 17. Bxh6+ Kxh6 18. Bxf7 Nxe4 19. Nhf5+ Bxf5 20. Nxf5+ Kh7 21.
Qg4 Qf6 22. Bxe8 Rxe8 23. Ng3 Qf2+ 24. Kh2 d5 25. Rf1 Qxg3+ 26. Qxg3 Bd6 27.
Rf7+ Kg8 28. Qxd6 cxd6 29. Ra7 Rf8 30. Rxa6 Nc4 31. b3 Ne3 32. Re1 Nf5 33. g4
Nh4 34. Re2 Nxc3 35. Re7 Ne4 36. Kg1 Rc8 37. Kf1 Rf8+ 38. Ke1 Ng2+ 39. Kd1 b4
40. Raa7 Rf1+ 41. Ke2 Rf2+ 42. Kd1 Ne3+ 43. Ke1 Ng2+ 44. Kd1 Ne3+ 45. Ke1 Ng2+
46. Kd1 {Game drawn by repetition} 1/2-1/2

[Event "Team 45 45 League T96"]
[Site "Internet Chess Club"]
[Date "2023.06.19"]
[Round "6"]
[White "burlap"]
[Black "julesraider"]
[Result "1-0"]
[WhiteElo "1276"]
[BlackElo "1573"]
[Opening "Queen's pawn: London system"]
[ECO "A45"]
[Time "21:00:21"]
[PlyCount "135"]
[TimeControl "2700+45"]

1. d4 Nf6 2. Bf4 e6 3. Nd2 c5 4. e3 cxd4 5. exd4 d5 6. Bd3 Nc6 7. c3 Bd7 8. h3
Be7 9. Ngf3 a6 10. Ne5 O-O 11. O-O Rc8 12. Re1 b5 13. Nxd7 Qxd7 14. a4 Qb7 15.
axb5 axb5 16. Qe2 Ra8 17. Bxb5 Na5 18. b4 Nc6 19. Ba6 Qb6 20. Qb5 Qxb5 21. Bxb5
Nxd4 22. cxd4 Bxb4 23. Rxa8 Rxa8 24. Rb1 Bc3 25. Nf3 h6 26. Be3 Ne4 27. Ne5 f6
28. Nd7 Ra2 29. Nc5 Nd6 30. Nxe6 Nxb5 31. Rxb5 Kf7 32. Nd8+ Ke7 33. Rxd5 Ra6 34.
Rc5 Ra3 35. Nc6+ Kd7 36. Rc4 Ra1+ 37. Kh2 Ra3 38. Nb8+ Kd8 39. d5 Be5+ 40. Bf4
Bxf4+ 41. Rxf4 Kc7 42. Rb4 Ra8 43. Kg3 g6 44. Nc6 Kd6 45. Rd4 Ra3+ 46. f3 Ra2
47. Re4 Rd2 48. Re6+ Kxd5 49. Rxf6 h5 50. Rxg6 h4+ 51. Kxh4 Rf2 52. Kg3 Rf1 53.
f4 Ke4 54. Rg5 Rc1 55. f5 Rxc6 56. Rg6 Rc2 57. f6 Kf5 58. f7 Kxg6 59. f8=Q Rc3+
60. Kh2 Rc1 61. Qd6+ Kg7 62. Kg3 Rc3+ 63. Kg4 Rc4+ 64. Kg5 Rc2 65. Qe7+ Kg8 66.
Kg6 Rxg2+ 67. Kh6 Rg1 68. Qe8# {Black checkmated} 1-0

[Event "Team 45 45 League T96"]
[Site "Internet Chess Club"]
[Date "2023.06.19"]
[Round "6"]
[White "mongmong"]
[Black "jcule"]
[Result "1-0"]
[WhiteElo "1425"]
[BlackElo "1387"]
[Opening "Colle system"]
[ECO "D05"]
[Time "15:00:35"]
[PlyCount "51"]
[TimeControl "2700+45"]

1. d4 d5 2. Nf3 Nf6 3. e3 e6 4. Bd3 c5 5. c3 c4 6. Bc2 Bd6 7. Nbd2 O-O 8. O-O
Qc7 9. Qe2 b5 10. e4 Re8 11. e5 Bxe5 12. Qxe5 Qxe5 13. Nxe5 Nbd7 14. Ndf3 Nxe5
15. Nxe5 Nd7 16. Nxd7 Bxd7 17. Re1 Bc6 18. Bf4 a5 19. a3 a4 20. Re2 f6 21. Rae1
Bd7 22. f3 g5 23. Bg3 f5 24. Re5 Kh8 25. h3 Re7 26. Bxf5 {Black resigns} 1-0

[Event "Team 45 45 League T96"]
[Site "Internet Chess Club"]
[Date "2023.06.15"]
[Round "6"]
[White "Fulmar"]
[Black "Gilguli"]
[Result "0-1"]
[WhiteElo "1283"]
[BlackElo "1478"]
[Opening "Ruy Lopez: fianchetto (Smyslov/Barnes) defense"]
[ECO "C60"]
[Time "15:06:38"]
[PlyCount "56"]
[TimeControl "2700+45"]

1. e4 e5 2. Nf3 Nc6 3. Bb5 g6 4. O-O Bg7 5. Re1 Nge7 6. d3 O-O 7. c3 d6 8. Nbd2
h6 9. Nf1 f5 10. d4 fxe4 11. Rxe4 Bf5 12. Rh4 e4 13. Ne1 Nd5 14. Rxh6 Bxh6 15.
Bxh6 Qf6 16. Bxf8 Rxf8 17. Qd2 Be6 18. Ne3 Nf4 19. b3 Ne7 20. N1c2 c6 21. Bf1 d5
22. Re1 g5 23. c4 Neg6 24. c5 Nh4 25. a4 Nh3+ 26. gxh3 Nf3+ 27. Kg2 Nxd2 28. Ng4
Bxg4 {White resigns} 0-1

[Event "Team 45 45 League T96"]
[Site "Internet Chess Club"]
[Date "2023.06.16"]
[Round "6"]
[White "AlWynJones"]
[Black "Rookmaster"]
[Result "1-0"]
[WhiteElo "1488"]
[BlackElo "1567"]
[Opening "English: four knights, kingside fianchetto"]
[ECO "A29"]
[Time "09:00:18"]
[PlyCount "59"]
[TimeControl "2700+45"]

1. c4 e5 2. Nc3 Nf6 3. Nf3 Nc6 4. g3 d5 5. cxd5 Nxd5 6. Bg2 Nb6 7. O-O Bg4 8. d3
Be7 9. a3 O-O 10. Be3 Bxf3 11. Bxf3 f5 12. Qb3+ Kh8 13. Bxb6 axb6 14. Rac1 Nd4
15. Qd5 Nxf3+ 16. exf3 Qd6 17. Rfe1 Bg5 18. Rc2 Ra5 19. Qxb7 Qxd3 20. Rce2 e4
21. fxe4 f4 22. Rd1 Qf3 23. Rd7 fxg3 24. hxg3 Bf4 25. Rf7 Rg8 26. Rxf4 Qd3 27.
Rf5 Raa8 28. Re3 Qd2 29. Ref3 Qxb2 30. Qxa8 {Black resigns} 1-0

[Event "Team 45 45 League T96"]
[Site "Internet Chess Club"]
[Date "2023.06.17"]
[Round "6"]
[White "CMAlge"]
[Black "fireball"]
[Result "0-1"]
[WhiteElo "1357"]
[BlackElo "1546"]
[Opening "Queen's pawn game"]
[ECO "D00"]
[Time "11:03:34"]
[PlyCount "72"]
[TimeControl "2700+45"]

1. d4 Nf6 2. Nc3 d5 3. Bf4 Bf5 4. f3 e6 5. g4 Bg6 6. h4 h6 7. h5 Bh7 8. e3 Bd6
9. Bd3 Bxf4 10. exf4 a6 11. Bxh7 Nxh7 12. Qd3 Qd6 13. Nge2 O-O 14. g5 hxg5 15.
fxg5 Nxg5 16. O-O-O Nd7 17. Rh4 Qe7 18. Rdh1 Nf6 19. Nf4 Ngh7 20. Ng6 fxg6 21.
hxg6 Rfb8 22. Qe2 Nd7 23. Kb1 Qf6 24. Qg2 Ndf8 25. Rxh7 Nxh7 26. Rxh7 Kf8 27.
Qg3 Rc8 28. Qg4 Ke7 29. f4 Rh8 30. Qe2 c6 31. f5 Rxh7 32. gxh7 Qxf5 33. Qe1 Qxh7
34. Nxd5+ cxd5 35. Qb4+ Kf6 36. b3 Rc8 {White resigns} 0-1

[Event "Team 45 45 League T96"]
[Site "Internet Chess Club"]
[Date "2023.06.19"]
[Round "6"]
[White "vollmerj"]
[Black "BlueStorm"]
[Result "0-1"]
[WhiteElo "1507"]
[BlackElo "1521"]
[Opening "Réti: King's Indian attack (Barcza system)"]
[ECO "A07"]
[Time "19:06:28"]
[PlyCount "74"]
[TimeControl "2700+45"]

1. Nf3 d5 2. g3 c6 3. Bg2 Nf6 4. b3 e6 5. Bb2 Be7 6. O-O O-O 7. d3 Qc7 8. Nbd2
Nbd7 9. c4 b6 10. cxd5 exd5 11. e4 dxe4 12. Nxe4 Ba6 13. Nxf6+ Bxf6 14. Bxf6
Nxf6 15. Re1 Rad8 16. Bf1 Qd6 17. d4 Bc8 18. Be2 Rfe8 19. Ne5 Nd7 20. Bc4 Nxe5
21. dxe5 Qxd1 22. Raxd1 Kf8 23. f4 Bg4 24. Rxd8 Rxd8 25. Be2 Bxe2 26. Rxe2 c5
27. Kf2 Ke7 28. Ke3 Ke6 29. g4 g6 30. Ke4 Rd4+ 31. Ke3 Kd5 32. Rc2 b5 33. h4 a5
34. h5 c4 35. hxg6 hxg6 36. bxc4+ bxc4 37. Rxc4 Rxc4 {White resigns} 0-1

[Event "Team 45 45 League T96"]
[Site "Internet Chess Club"]
[Date "2023.06.19"]
[Round "6"]
[White "Reykjaviking"]
[Black "ChessG2011"]
[Result "0-1"]
[WhiteElo "1324"]
[BlackElo "1425"]
[Opening "Queen's pawn: London system"]
[ECO "A45"]
[Time "22:00:37"]
[PlyCount "66"]
[TimeControl "2700+45"]

1. d4 Nf6 2. Bf4 g6 3. e3 Bg7 4. Be2 O-O 5. Nc3 d5 6. h4 Nbd7 7. g4 Nb6 8. b3
Ne4 9. Nxe4 dxe4 10. h5 c5 11. c3 e6 12. g5 Bd7 13. Bd6 Re8 14. f4 cxd4 15. cxd4
Bc6 16. Be5 Bxe5 17. dxe5 Nd5 18. Rc1 Nxe3 19. Qxd8 Rexd8 20. Kf2 Nf5 21. h6 e3+
22. Ke1 Bxh1 23. Bd1 Nd4 24. Ne2 Bg2 25. Ng3 Rac8 26. Rc4 Nf3+ 27. Ke2 Rd2+ 28.
Kxe3 Rxc4 29. bxc4 Rxd1 30. Ne4 Rd8 31. Nf6+ Kh8 32. Ne4 Nh4 33. Nd6 Nf5+ {White
resigns} 0-1

[Event "Team 45 45 League T96"]
[Site "Internet Chess Club"]
[Date "2023.06.16"]
[Round "6"]
[White "Lawkeito"]
[Black "Portola"]
[Result "1/2-1/2"]
[WhiteElo "1742"]
[BlackElo "1738"]
[Opening "QGD: classical variation (5.Bf4)"]
[ECO "D37"]
[Time "18:40:01"]
[PlyCount "122"]
[TimeControl "2700+45"]

1. d4 d5 2. c4 e6 3. Nf3 Nf6 4. Nc3 Be7 5. Bf4 c6 6. e3 O-O 7. Bd3 Nbd7 8. O-O
b6 9. h3 Bb7 10. cxd5 exd5 11. Rc1 Rc8 12. Qe2 b5 13. Rfd1 Re8 14. Bf5 g6 15.
Bb1 a6 16. Ne5 Nxe5 17. Bxe5 Bf8 18. Qf3 Bg7 19. g4 Nd7 20. Bxg7 Kxg7 21. Qg3
Nf6 22. Re1 Qd7 23. Rcd1 Re7 24. f3 Rce8 25. e4 dxe4 26. fxe4 b4 27. e5 Nd5 28.
Ne4 Qc7 29. h4 Bc8 30. h5 Qd7 31. g5 Qg4 32. h6+ Kh8 33. Qxg4 Bxg4 34. Rc1 Bd7
35. Rc5 Ra8 36. Bd3 Nf4 37. Bf1 Ne6 38. Rc4 a5 39. Bh3 Nxd4 40. Rxd4 Bxh3 41.
Red1 Rxe5 42. Rd8+ Re8 43. Rxa8 Rxa8 44. Nf6 Be6 45. a3 c5 46. Kf2 c4 47. Rd6
bxa3 48. bxa3 c3 49. Ke2 Rc8 50. Kd1 Bb3+ 51. Kc1 c2 52. Rd4 Be6 53. Rd6 Bf5 54.
Rd4 Rb8 55. Kd2 Rc8 56. Kc1 a4 57. Rd6 Rb8 58. Kd2 Rc8 59. Kc1 Rb8 60. Kd2 Rc8
61. Kc1 Rb8 {Game drawn by repetition} 1/2-1/2

[Event "Team 45 45 League T96"]
[Site "Internet Chess Club"]
[Date "2023.06.18"]
[Round "6"]
[White "rubo"]
[Black "manfredo"]
[Result "0-1"]
[WhiteElo "1469"]
[BlackElo "1556"]
[Opening "Queen's pawn: London system"]
[ECO "A45"]
[Time "18:01:16"]
[PlyCount "98"]
[TimeControl "2700+45"]

1. d4 Nf6 2. Bf4 g6 3. Nc3 d5 4. e3 Bg7 5. Be2 O-O 6. Nf3 c5 7. dxc5 Nbd7 8.
Nxd5 Nxd5 9. Qxd5 Bxb2 10. Rb1 Qa5+ 11. Nd2 Nf6 12. Qb3 Bc3 13. e4 Nxe4 14. Rd1
Rd8 15. Bd3 Nxc5 16. Qc4 Be6 17. Bc7 Nxd3+ 18. cxd3 Bxd2+ 19. Rxd2 Qxd2+ 20.
Kxd2 Bxc4 21. Bxd8 Rxd8 22. Kc3 Bxa2 23. Ra1 Bd5 24. Rxa7 Bxg2 25. d4 e6 26. f4
Rb8 27. Ra2 Bd5 28. Rb2 b5 29. Kd2 b4 30. Ke3 f5 31. h4 h5 32. Kf2 b3 33. Ke3
Ra8 34. Kd2 Ra2 35. Kc3 Rxb2 36. Kxb2 Kf7 37. Kc3 Ke7 38. Kb2 Kd6 39. Kc3 Kc6
40. Kb2 Kb5 41. Kc3 Ka5 42. Kb2 Kb4 43. Kb1 Kc3 44. Kc1 b2+ 45. Kb1 Ba2+ 46.
Kxa2 Kc2 47. d5 exd5 48. Ka3 b1=Q 49. Ka4 Qb6 {White resigns} 0-1

[Event "Team 45 45 League T96"]
[Site "Internet Chess Club"]
[Date "2023.06.18"]
[Round "6"]
[White "fvafier"]
[Black "g8wrb"]
[Result "0-1"]
[WhiteElo "1508"]
[BlackElo "1292"]
[Opening "Bogo-Indian defense, Grünfeld variation"]
[ECO "A40"]
[Time "07:23:15"]
[PlyCount "100"]
[TimeControl "2700+45"]

1. d4 e6 2. c4 Bb4+ 3. Nd2 Nf6 4. Nf3 b6 5. a3 Be7 6. e3 Bb7 7. b3 c5 8. Bb2
cxd4 9. exd4 O-O 10. Bd3 Nc6 11. O-O d5 12. Rc1 Rc8 13. Qe2 h6 14. Rfd1 Re8 15.
Ne5 dxc4 16. Ndxc4 Qd5 17. Nxc6 Bxc6 18. f3 Kh8 19. Ne5 Kg8 20. Bc4 Qd6 21. Nxf7
Kxf7 22. Bxe6+ Qxe6 23. Qd3 Bd5 24. Re1 Rxc1 25. Rxc1 Rc8 26. Rxc8 Qxc8 27. b4
Qc4 28. Qd2 Qc7 29. Qd3 Bd6 30. g3 Bxg3 31. hxg3 Qxg3+ 32. Kf1 Qxf3+ 33. Qxf3
Bxf3 34. Kf2 Bc6 35. Bc1 g5 36. Ke2 Ke6 37. Be3 Kf5 38. Kd3 Bd5 39. Bg1 h5 40.
b5 Kg4 41. Bh2 Bb7 42. Bb8 a6 43. a4 axb5 44. axb5 h4 45. Bc7 Nd7 46. Kc4 Kf5
47. Bd8 h3 48. Bc7 g4 49. Bg3 Ke4 50. Kc3 Kf3 {White resigns} 0-1